AoeStats
← pepe_prado99

Arabia

509423202Analyzed
2v2 RM · 7d ago on Sep 26, 2026· 27m 46s· 4 players
Game mode
Random Map
Map size
Medium (4 player)
Population
200
Speed
Normal
Resources
Standard
Victory
Conquest
Starting age
Dark Age
Ending age
Imperial Age
RankedLock teamsTeams togetherTeam positionsShared explorationLock speedFull tech treeHidden civsTurbo modeCheats
Victory
Defeat
🇦🇷 Ethiopians · Argentina
723
+26
🇦🇷 Cumans · Argentina
611
+29
🇺🇸 Maya · United States
685
-17
🇲🇽 Aztecs · Mexico
632
-15
Schell3481
6:05 Loom
7:15 Loom
9:36 Feudal Age
10:26 Double-Bit Axe
11:05 Horse Collar
11:32 Town Watch
17:17 Wheelbarrow
18:21 Fletching
24:24 Castle Age
22:59 Padded Archer Armor
HurtCabbage7450
10:31 Feudal Age
11:40 Loom
13:37 Double-Bit Axe
17:25 Forging
20:46 Horse Collar
25:24 Castle Age
26:02 Wheelbarrow
26:53 Gold Mining
26:53 Stone Mining
pepe_prado99
13:23 Feudal Age
15:41 Town Watch
15:47 Double-Bit Axe
15:54 Horse Collar
18:48 Scale Mail Armor
19:00 Forging
21:06 Fletching
21:16 Padded Archer Armor
21:26 Man-at-Arms
21:51 Arson
25:55 Gold Mining
25:56 Stone Mining
jeffnoble1985
1:35 Loom
11:13 Feudal Age
12:50 Wheelbarrow
11:58 Horse Collar
12:05 Double-Bit Axe
12:13 Gold Mining
13:39 Stone Mining
23:10 Forging
26:53 Castle Age
24:49 Fletching
27:17 Arson
Connection lost

Rejoining the realm…

Still unreachable

The connection could not be restored.

Session expired

The server has moved on; the page needs a fresh start.